 Dungeon Crawl Stone Soup version 0.30.1-9-gdf580d7c3d (webtiles) character file.

Game seed: 6633763993962626886

29 CaptainMV the Chiller (level 3, -3/26 HPs)
             Began as a Draconian Ice Elementalist on Oct 9, 2023.
             Killed from afar by Sigmund (6 damage)
             ... with a puff of flame
             ... on level 2 of the Dungeon.
             The game lasted 00:07:10 (598 turns).

CaptainMV the Chiller (Draconian Ice Elementalist)   Turns: 598, Time: 00:07:13

Health: -3/26      AC:  8    Str: 12    XL:     3   Next: 1%
Magic:  0/6        EV: 12    Int: 15    God:
Gold:   40         SH:  0    Dex: 11    Spells: 5/6 levels left

rFire   . . .        a - +0 spear
rCold   . . .        (no shield)
rNeg    . . .        (body armour unavailable)
rPois   .            (helmet restricted)
rElec   .            d - +2 cloak
rCorr   .            (no gloves)
SInv    .            (no boots)
Will    .....        (no amulet)
Stlth   ++           (no ring)
HPRegen 0.24/turn    (no ring)
MPRegen 0.10/turn

%: no passive effects
@: no status effects
A: AC +5, unfitting armour, cold-blooded
a: no special abilities


You were on level 2 of the Dungeon.
You visited 1 branch of the dungeon, and saw 2 of its levels.

You collected 40 gold pieces.

Inventory:

Hand Weapons
 a - a +0 spear (weapon)
Armour
 d - a +2 cloak (worn)
Magical Staves
 g - a staff of conjuration
 h - a staff of cold
Scrolls
 e - a scroll of enchant armour
 f - a scroll of fog
Potions
 b - 3 potions of magic
 c - a potion of curing {unknown}
 i - a potion of attraction {unknown}
 j - a potion of haste {unknown}


   Skills:
 + Level 0.2 Polearms
 + Level 1.8 Dodging
 + Level 2.0 Stealth
 + Level 0.5 Unarmed Combat
 + Level 2.1 Spellcasting
 + Level 4.6 Ice Magic


You had 5 spell levels left.
You knew the following spells:

 Your Spells              Type           Power      Damage    Failure   Level
a - Freeze                Ice            60%        1d7       3%          1

Your spell library contained the following spells:

 Spells                   Type           Power      Damage    Failure   Level
 Frozen Ramparts          Ice            30%        1d5       10%         3
 Ozocubu's Armour         Ice            15%        N/A       10%         3
 Summon Ice Beast         Ice/Summ       8%         N/A       63%         4


Dungeon Overview and Level Annotations

Branches:
Dungeon (2/15)

Altars:

Annotations:
D:2 Sigmund


Innate Abilities, Weirdness & Mutations

Your plain brown scales are hard. (AC +5)
You cannot fit into any form of body armour.
You are cold-blooded and may be slowed by cold attacks.


Message History

A puff of flame appears from out of thin air!
The puff of flame misses you.
You closely miss something.
You hear some strange, mumbled words.
A puff of flame appears from out of thin air!
The puff of flame hits you! Something barely misses you.
You closely miss something.
Casting: Freeze (safe; 3% risk of failure)
Confirm with . or Enter, or press ? or * to list all spells.
You can't see any susceptible monsters within range! (Use Z to cast anyway.)
Casting: Freeze (safe; 3% risk of failure)
Confirm with . or Enter, or press ? or * to list all spells.
Aiming: Freeze (safe; 3% risk of failure)
Press: ? - help, Shift-Dir - straight line You miscast Freeze.
Nothing appears to happen.
Something hits you.
You closely miss something. Something hits you but does no damage.
You hit something but do no damage.
Your tail-slap misses something.
You barely miss something.
Your tail-slap misses something.
You hear some strange, mumbled words.
You are confused.
You hit something. Something hits you.
You miss something.
Your tail-slap misses something.
Something hits you.
You hit something. Something hits you!
* * * LOW HITPOINT WARNING * * *
You miss something.
You bump into the rock wall.
Something hits you.
* * * LOW HITPOINT WARNING * * *
Your magical contamination has completely faded away.
You bump into the rock wall.
Something hits you but does no damage.
You bump into the rock wall.
You feel less confused.
Casting: Freeze (safe; 3% risk of failure)
Confirm with . or Enter, or press ? or * to list all spells.
Aiming: Freeze (safe; 3% risk of failure)
Press: ? - help, Shift-Dir - straight line You freeze something.
You hear some strange, mumbled words.
A puff of flame appears from out of thin air!
The puff of flame hits you.
You die...

######### ........#
........# ........#
........# .
.......†###########....
......†........@{....(.
.#.#####.##############
#.#####.#
#.......######
####....##...#
#..##.##...#
#.###......#
#..(####...# #.#.#
#...#


There were no monsters in sight!

Vanquished Creatures
  2 ball pythons
  3 bats
  4 endoplasms (D:1)
  2 giant cockroaches
  2 goblins (D:1)
  4 hobgoblins
  3 quokkas (D:1)
  3 frilled lizards
  A kobold (D:2)
  A rat (D:1)
25 creatures vanquished.

Notes
Turn   | Place    | Note
-------+----------+-------------------------------------------
     0 | D:1      | CaptainMV the Draconian Ice Elementalist began the quest
                  | for the Orb.
     0 | D:1      | Reached XP level 1. HP: 14/14 MP: 3/3
   186 | D:1      | Found a faded altar of an unknown god.
   198 | D:1      | Reached XP level 2. HP: 14/20 MP: 0/5
   568 | D:2      | Reached XP level 3. HP: 26/26 MP: 1/6
   573 | D:2      | Noticed Sigmund
   598 | D:2      | Killed from afar by Sigmund

Illustrated notes

Levels and vault maps discovered:
D:1:      psy_arrival_whirlpool, layout_basic,
          hellmonk_ecumenical_altar_lost_god, grunt_decor_one_mirror,
          hex_intersection
D:2:      layout_basic, basic_altar, uniq_sigmund

Skill      XL: |  1 |
---------------+----+-----
Stealth        | 2 |  2.0
Polearms       | |  0.2
Dodging        | |  1.8
Unarmed Combat | |  0.5
Spellcasting   | |  2.1
Ice Magic      | |  4.6

Action                     || total
---------------------------++-------
  Melee: Unarmed           ||    15
         Spear             ||    33
         Tailslap          ||     5
         Punch             ||     1
  Throw: Dart              ||     3
   Cast: Freeze            ||    28
    Use: Scroll            ||     2
   Stab: Sleeping          ||     3
 Armour: Skin              ||    17
  Dodge: Dodged            ||    37
